 Dungeon Crawl Stone Soup version 0.28-a0-1395-g4f6bc678fa (webtiles) character file.

Game seed: 6636741103169887092

28 HallandMoats the Skirmisher (level 3, -1/29 HPs)
             Began as a Demonspawn Monk on Jan 5, 2022.
             Slain by a scorpion (8 damage)
             ... on level 2 of the Dungeon.
             The game lasted 00:02:24 (1475 turns).

HallandMoats the Skirmisher (Demonspawn Monk)       Turns: 1475, Time: 00:02:25

Health: -1/29      AC:  4    Str: 13    XL:     3   Next: 0%
Magic:  3/3        EV: 13    Int: 11    God:
Gold:   34         SH:  0    Dex: 15    Spells: 2/2 levels left

rFire   . . .      SeeInvis .   a - +0 falchion
rCold   . . .      Faith    .   (no shield)
rNeg    . . .      Spirit   .   b - +0 robe
rPois   .          Reflect  .   (no helmet)
rElec   .          Harm     .   l - scarf {shadows}
rCorr   .          Rampage  .   (no gloves)
Will    .....                   (no boots)
Stlth   ++........              (no amulet)
HPRegen 0.09/turn               (no ring)
MPRegen 0.08/turn               (no ring)

@: lethally poisoned (-1 -> -6)
A: slimy green scales 1
a: no special abilities


You were on level 2 of the Dungeon.
You visited 1 branch of the dungeon, and saw 2 of its levels.

You collected 34 gold pieces.

Inventory:

Hand Weapons
 a - a +0 falchion (weapon)
Armour
 b - a +0 robe (worn)
 c - an orb of wrath
 l - a scarf of shadows (worn)
Scrolls
 d - a scroll of noise {unknown}
 e - a scroll of torment {unknown}
 g - 4 scrolls of identify {unknown}
 h - 3 scrolls of silence {unknown}
Potions
 i - a potion of magic {unknown}
 j - a potion of curing {unknown}
 k - a potion of attraction {unknown}


   Skills:
 * Level 3.5 Fighting
 + Level 2.9 Long Blades
 + Level 0.9 Armour
 + Level 3.0 Dodging
 - Level 1.7 Stealth


You had 2 spell levels left.
You didn't know any spells.
Your spell library was empty.

Dungeon Overview and Level Annotations

Branches:
Dungeon (2/15)

Altars:


Innate Abilities, Weirdness & Mutations

You are partially covered in slimy green scales. (AC +2)


Message History

The scorpion closely misses you.
You miss the scorpion.
The scorpion is heavily wounded.
The scorpion stings you. The scorpion closely misses you.
You bump into the rock wall.
The scorpion misses you.
You hit the scorpion but do no damage.
The scorpion is heavily wounded.
You feel less invigorated.
You feel less confused. The scorpion stings you.
You barely miss the scorpion.
The scorpion is heavily wounded.
The scorpion stings you!
The scorpion stings you but does no damage.
You closely miss the scorpion.
The scorpion is heavily wounded.
The scorpion barely misses you.
You hit the scorpion.
The scorpion is severely wounded.
The scorpion barely misses you.
You closely miss the scorpion.
The scorpion is severely wounded.
The scorpion stings you but does no damage.
The scorpion stings you.
You are poisoned.
The scorpion poisons you!
You hit the scorpion but do no damage.
The scorpion is severely wounded.
You feel very sick. The scorpion barely misses you.
You hit the scorpion.
The scorpion is severely wounded.
* * * LOW HITPOINT WARNING * * *
You feel sick. The scorpion barely misses you.
The scorpion completely misses you.
You hit the scorpion.
The scorpion is almost dead.
You feel sick. The scorpion stings you!
You die...

#.>........###..####.###.#
#..........# #.## #.###.########
...........###.# #.##..##......
#.>............# #.##.###......
#..........##### #....###......
...........# ###..##.......
....#...#### #...........
......#..#############...##......
.....##.........@........########
#######.....[...s#####...#
#..........# #...# ...........#
#...# ..........# #>..# .......#
#...# ######## #...# #####


You could see a scorpion.

Vanquished Creatures
  4 endoplasms
  A goblin (D:2)
  3 hobgoblins (D:1)
  4 jackals (D:1)
  2 kobolds (D:1)
  A quokka (D:1)
  4 ball pythons (D:1)
  3 bats
  A frilled lizard (D:2)
  2 rats
25 creatures vanquished.

Notes
Turn   | Place    | Note
-------+----------+-------------------------------------------
     0 | D:1      | HallandMoats the Demonspawn Monk began the quest for the
                  | Orb.
     0 | D:1      | Reached XP level 1. HP: 18/18 MP: 1/1
   225 | D:1      | Gained mutation: You are partially covered in slimy green
                  | scales. (AC +2) [demonic ancestry]
   225 | D:1      | Reached XP level 2. HP: 24/24 MP: 2/2
  1356 | D:2      | Reached XP level 3. HP: 27/29 MP: 3/3
  1448 | D:2      | Noticed a scorpion
  1475 | D:2      | Slain by a scorpion

Illustrated notes

Levels and vault maps discovered:
D:1:      lightli_arrival_lavapool, layout_loops_cross
D:2:      layout_rooms

Skill      XL: |  1  2 |
---------------+-------+-----
Dodging        | 3 |  3.0
Fighting       | |  3.5
Long Blades    | |  2.9
Armour         | |  0.9
Stealth        | |  1.7

Action                   || total
-------------------------++-------
Melee: Falchion          ||   109
  Use: Potion            ||     1
 Stab: Sleeping          ||     2
Armor: Robe              ||    48
Dodge: Dodged            ||   125

Table legend: (Time is in decaauts)
 A = Elapsed time spent in this place.
 B = Non-inter-level travel time spent in this place.
 C = Inter-level travel time spent in this place.
 D = Time resting spent in this place.
 E = Time spent auto-exploring this place.
 F = Levels seen in this place.
 G = Mean time per level.
                   A        B        C        D        E       F      G
               +--------+--------+--------+--------+--------+-----+--------+
         Total |   1491 |   1455 |     36 |    174 |    901 |   2 |  745.5 |
       Dungeon |   1491 |   1455 |     36 |    174 |    901 |   2 |  745.5 |
               +--------+--------+--------+--------+--------+-----+--------+

Top non-repeatable levels by time:
     D:1: 1047 daAuts
     D:2: 443 daAuts
